 Dungeon Crawl Stone Soup version 0.27-b1-41-gafb5482f4b (webtiles) character file.

Game seed: 12235977221688855689

154 sixthgate the Stinger (level 5, -2/35 HPs)
             Began as an Octopode Venom Mage on July 29, 2021.
             Slain by a gnoll (10 damage)
             ... on level 4 of the Dungeon.
             The game lasted 00:03:26 (3396 turns).

sixthgate the Stinger (Octopode Venom Mage)         Turns: 3396, Time: 00:03:27

Health: -2/35      AC:  1    Str:  8    XL:     5   Next: 36%
Magic:  4/8        EV: 14    Int: 18    God:
Gold:   58         SH:  0    Dex: 12    Spells: 7/8 levels left

rFire    . . .     SeeInvis .   c - +2 dagger (vamp)
rCold    . . .     Faith    .   (no shield)
rNeg     . . .     Spirit   .   (helmet restricted)
rPois    .         Reflect  .   (no amulet)
rElec    .         Harm     .   (no ring)
rCorr    .         Rampage  .   (no ring)
Will     .....                  (no ring)
Stlth    +++.......             (no ring)
HPRegen  0.11/turn              (no ring)
MPRegen  0.11/turn              (no ring)
                                (no ring)
                                (no ring)

@: no status effects
A: almost no armour, amphibious, 8 rings, camouflage 1, gelatinous body 1,
(nimble swimmer 1), tentacles
a: no special abilities


You were on level 4 of the Dungeon.
You visited 1 branch of the dungeon, and saw 4 of its levels.

You collected 58 gold pieces.

Inventory:

Hand Weapons
 c - a +2 vampiric dagger (weapon)
Scrolls
 a - a scroll of amnesia
 e - a scroll of identify


   Skills:
 + Level 2.6 Fighting
 + Level 3.4 Dodging
 - Level 2.7 Stealth
 - Level 2.0 Spellcasting
 - Level 1.0 Transmutations
 + Level 5.0 Poison Magic


You had 7 spell levels left.
You knew the following spells:

 Your Spells              Type           Power      Damage    Failure   Level
a - Sting                 Tmut/Pois      48%        1d5       5%          1

Your spell library contained the following spells:

 Spells                   Type           Power      Damage    Failure   Level
 Poisonous Vapours        Pois/Air       20%        N/A       10%         2
 Olgreb's Toxic Radiance  Pois           19%        N/A       22%         4
 Mephitic Cloud           Conj/Pois/Air  7%         N/A       26%         3


Dungeon Overview and Level Annotations

Branches:
Dungeon (4/15)
 Temple: D:4-7

Altars:

Annotations:
D:3 Grinder


Innate Abilities, Weirdness & Mutations

You cannot wear most types of armour.
You are amphibious.
You can wear up to eight rings at the same time.
Your skin changes colour to match your surroundings (Stealth+).
Your rubbery body absorbs attacks. (AC +1, EV +1)
((You are camouflaged near water. (Stealth+)))
You have tentacles for arms and can constrict up to eight enemies at once.


Message History

Casting: Sting (safe; 5% risk of failure)
Confirm with . or Enter, or press ? or * to list all spells.
Aiming: Sting (safe; 5% risk of failure)
Press: ? - help, Shift-Dir - straight line, f - gnoll
Aim: a gnoll, wielding a +0 whip (fast, 75% to hit)
The sting hits the gnoll.
The gnoll is poisoned.
The gnoll is lightly wounded.
The gnoll hits you with a +0 whip.
* * * LOW HITPOINT WARNING * * *
Casting: Sting (safe; 5% risk of failure)
Confirm with . or Enter, or press ? or * to list all spells.
Aiming: Sting (safe; 5% risk of failure)
Press: ? - help, Shift-Dir - straight line, f/p - gnoll
Aim: a gnoll, wielding a +0 whip (lightly wounded, fast, poisoned, 75% to hit)
The sting hits the gnoll.
The gnoll looks even sicker.
The gnoll is moderately wounded.
The gnoll misses you. The gnoll hits you with a +0 whip.
* * * LOW HITPOINT WARNING * * *
You feel better. The gnoll hits you with a +0 whip.
* * * LOW HITPOINT WARNING * * *
You feel better. The gnoll hits you with a +0 whip.
* * * LOW HITPOINT WARNING * * *
The gnoll barely misses you.
Casting: Sting (safe; 5% risk of failure)
Confirm with . or Enter, or press ? or * to list all spells.
Aiming: Sting (safe; 5% risk of failure)
Press: ? - help, Shift-Dir - straight line, f/p - gnoll
Aim: a gnoll, wielding a +0 whip (moderately wounded, fast, very poisoned, 75% to hit)
The sting hits the gnoll.
The gnoll looks even sicker.
The gnoll is severely wounded.
The gnoll closely misses you.
Casting: Sting (safe; 5% risk of failure)
Confirm with . or Enter, or press ? or * to list all spells.
Aiming: Sting (safe; 5% risk of failure)
Press: ? - help, Shift-Dir - straight line, f/p - gnoll
Aim: a gnoll, wielding a +0 whip (severely wounded, fast, very poisoned, 75% to hit)
The sting hits the gnoll.
The gnoll looks as sick as possible!
The gnoll is almost dead.
The gnoll hits you with a +0 whip!
You die...

#....)..g.....#.....
###.###########.....
#.# ............ #.#
.##.......(. #)#
#....g.... #)#
#......##. #g####
#......# . #g#<.#
#......# #@##.#
#......# #....#
####.# ###


You could see a gnoll shaman and a gnoll (fast, extremely poisoned).

Vanquished Creatures
  An iguana (D:3)
  4 gnolls (D:4)
  4 adders
  A worm (D:2)
  A dart slug (D:2)
  4 bats
  4 giant cockroaches
  6 hobgoblins
  2 jackals (D:2)
  A quokka (D:3)
  8 ball pythons
  2 frilled lizards (D:1)
  5 goblins
  3 kobolds (D:2)
  4 rats
50 creatures vanquished.

Vanquished Creatures (others)
  5 toadstools (D:4)
5 creatures vanquished.

Grand Total: 55 creatures vanquished

Notes
Turn   | Place    | Note
-------+----------+-------------------------------------------
     0 | D:1      | sixthgate the Octopode Venom Mage began the quest for the
                  | Orb.
     0 | D:1      | Reached XP level 1. HP: 11/11 MP: 3/3
   250 | D:1      | Found a faded altar of an unknown god.
   550 | D:1      | Reached XP level 2. HP: 15/18 MP: 5/5
   730 | D:2      | Reached skill level 4 in Poison Magic
   940 | D:2      | Reached skill level 1 in Fighting
  1032 | D:2      | Reached XP level 3. HP: 23/23 MP: 2/6
  2059 | D:3      | Reached XP level 4. HP: 29/29 MP: 4/7
  2628 | D:3      | Noticed Grinder
  2631 | D:3      | Paralysed by Grinder for 3 turns
  3086 | D:4      | Reached XP level 5. HP: 35/35 MP: 6/8
  3390 | D:4      | Reached skill level 5 in Poison Magic
  3396 | D:4      | Slain by a gnoll

Illustrated notes

Levels and vault maps discovered:
D:1:      dpeg_arrival_rooms_a, layout_basic,
          chequers_ecumenical_altar_simple_redux
D:2:      layout_basic, kennysheep_generic_room_5
D:3:      layout_basic, mainiacjoe_overflow_boulevard, uniq_grinder
D:4:      layout_basic, serial_shops, shop, minmay_gold_behind_fungi,
          hangedman_decor_opposing, minmay_misc_feat_roman, grunt_ministairs_9,
          chequers_serial_rivers_micro_c, nicolae_shop_firing_range,
          uniq_sigmund

Skill      XL: |  1  2  3  4  5 |
---------------+----------------+-----
Poison Magic   | 4 5 |  5.0
Fighting       | 1 2 |  2.6
Dodging        | 3 |  3.4
Stealth        | |  2.7
Spellcasting   | |  2.0
Transmutations | |  1.0

Action                   |  1- 3 |  4- 6 || total
-------------------------+-------+-------++-------
Melee: Unarmed           |    25 |       ||    25
       Constrict         |    19 |     9 ||    28
       Tentacles         |    11 |     4 ||    15
       Dagger            |    39 |    30 ||    69
 Cast: Sting             |    18 |    25 ||    43
  Use: Scroll            |       |     2 ||     2
       Potion            |       |     3 ||     3
 Stab: Sleeping          |     7 |     2 ||     9
       Distracted        |     1 |     1 ||     2
Armor: Skin              |    12 |     5 ||    17
Dodge: Dodged            |    64 |    60 ||   124
